 Dungeon Crawl Stone Soup version 0.27-a0-1384-g1422d76b99 (webtiles) character file.

Game seed: 10054825492632649406

37 dickylongcocking the Skirmisher (level 3, 0/31 HPs)
             Began as a Djinni Wanderer on July 1, 2021.
             Slain by an adder (2 damage)
             ... on level 2 of the Dungeon.
             The game lasted 00:01:08 (1937 turns).

dickylongcocking the Skirmisher (Djinni Wanderer)   Turns: 1937, Time: 00:01:09

Health: 0/31       AC:  2    Str:  9    XL:     3   Next: 62%
Gold:   49         EV: 11    Int: 13    God:
                   SH:  0    Dex: 15

rFire    + + .     SeeInvis .   a - +2 short sword
rCold    x . .     Faith    .   (no shield)
rNeg     . . .     Spirit   .   b - +0 robe
rPois    ∞         Reflect  .   (no helmet)
rElec    .         Harm     .   (no cloak)
rCorr    .         Rampage  .   (no gloves)
Will     .....                  (boots unavailable)
Stlth    ++........             (no amulet)
HPRegen  0.10/turn              (no ring)
MPRegen  0.00/turn              (no ring)

@: flying
A: sickness immunity, fire resistance 2, cold vulnerability 1, float, innate
caster, hp casting, extra vitality 1
a: no special abilities


You were on level 2 of the Dungeon.
You visited 1 branch of the dungeon, and saw 2 of its levels.

You collected 49 gold pieces.

Inventory:

Hand Weapons
 a - a +2 short sword (weapon)
Armour
 b - a +0 robe (worn)
 e - a +0 ring mail
Scrolls
 c - 2 scrolls of identify {unknown}
 f - a scroll of vulnerability {unknown}
Potions
 d - a potion of berserk rage {unknown}
 g - a potion of curing {unknown}
 h - a potion of might {unknown}
 i - a potion of lignification {unknown}


   Skills:
 - Level 4.2 Fighting
 - Level 1.0 Short Blades
 - Level 1.0 Throwing
 - Level 1.0 Stealth
 * Level 3.2 Spellcasting


You couldn't memorise any spells.
You knew the following spells:

 Your Spells              Type           Power      Damage    Failure   Level
a - Pain                  Necr           40%        1d6       6%          1
b - Vampiric Draining     Necr           5%         2d6       19%         3
c - Mephitic Cloud        Conj/Pois/Air  10%        N/A       19%         3
d - Shock                 Conj/Air       40%        1d5       6%          1
e - Foxfire               Conj/Fire      40%        2x1d6     6%          1

Your spell library contained the following spells:

 Spells                   Type           Power      Damage    Failure   Level


Dungeon Overview and Level Annotations

Branches:
Dungeon (2/15)

Altars:

Annotations:
D:2 Robin


Innate Abilities, Weirdness & Mutations

You are immune to sickness and miasma.
You are immune to poison.
Your flesh is very heat resistant. (rF++)
You are vulnerable to cold. (rC-)
You float through the air rather than walking.
You learn spells naturally, not from books.
Your magical power is your life essence.
You have superior vitality. (+4 HP)


Message History

You barely miss the goblin. The adder bites you.
The goblin hits you with a +0 club.
Robin of the Strong Arm comes into view.
They are wielding a +0 trident of freezing.
The hobgoblin closely misses you.
Robin shouts!
You hit the hobgoblin.
The hobgoblin is severely wounded.
The adder bites you. The goblin hits you with a +0 club. The adder bites you.
You barely miss the goblin. The goblin hits you but does no damage.
The adder bites you. The hobgoblin barely misses you.
Robin throws the goblin at you!
You are too injured to fight recklessly!
You hit the adder.
The adder is lightly wounded.
The adder misses you. The goblin misses you.
The goblin hits you with a +0 club.
* * * LOW HITPOINT WARNING * * *
The goblin closely misses you. The hobgoblin barely misses you.
You closely miss the adder.
The adder is lightly wounded.
The adder bites you.
* * * LOW HITPOINT WARNING * * *
The goblin misses you. x3; The hobgoblin misses you.
Robin says, "A pitiful Djinni like you will never find the ORB!"
Robin roars a battlecry!
The goblins go into a battle-frenzy!
The adder bites you but does no damage.
Casting: Pain (safe; 6% risk of failure)
Confirm with . or Enter, or press ? or * to list all spells.
Aiming: Pain (safe; 6% risk of failure)
Press: ? - help, Shift-Dir - straight line, f - hobgoblin
Aim: a hobgoblin (severely wounded, strong, chance to affect: 78%)
The hobgoblin barely resists.
* * * LOW HITPOINT WARNING * * *
The goblin hits you but does no damage. The goblin hits you with a +0 club.
* * * LOW HITPOINT WARNING * * *
The goblin barely misses you.
A goblin comes into view. It is wielding a +0 dagger.
The hobgoblin misses you. The adder bites you.
You die...

#..†..<.......#
#.............#
#.............#
####.###......#
#.....####.# .$
#######
##.###S..#
#........#
#gS####..# #g@#
#gg# #.g# #...
g... ##....
#.... #.....


You could see Robin, an adder, a hobgoblin (strong) and 4 goblins.

Vanquished Creatures
  A worm (D:2)
  A dart slug (D:1)
  2 endoplasms (D:1)
  A giant cockroach (D:2)
  4 goblins (D:1)
  2 hobgoblins
  9 jackals (D:1)
  A quokka (D:1)
  3 ball pythons (D:1)
  A frilled lizard (D:1)
  2 rats (D:1)
27 creatures vanquished.

Notes
Turn   | Place    | Note
-------+----------+-------------------------------------------
     0 | D:1      | dickylongcocking the Djinni Wanderer began the quest for
                  | the Orb.
     0 | D:1      | Reached XP level 1. HP: 21/21 MP: 0/0
    60 | D:1      | Reached XP level 2. HP: 1/26 MP: 0/0
   999 | D:1      | Reached XP level 3. HP: 17/31 MP: 0/0
   999 | D:1      | Learned a level 1 spell: Foxfire
  1932 | D:2      | Noticed Robin
  1937 | D:2      | Slain by an adder

Illustrated notes

Levels and vault maps discovered:
D:1:      moated_graveyard_arrival, layout_loops_ring
D:2:      minmay_diamond_boxcup, layout_basic, uniq_robin

Skill      XL: |  1  2  3 |
---------------+----------+-----
Spellcasting   | 3 |  3.2
Fighting       | |  4.2
Short Blades   | |  1.0
Throwing       | |  1.0
Stealth        | |  1.0

Action                   || total
-------------------------++-------
Melee: Short sword       ||    73
 Cast: Pain              ||    22
 Stab: Sleeping          ||     3
Armor: Robe              ||    17
Dodge: Dodged            ||    49

Table legend: (Time is in decaauts)
 A = Elapsed time spent in this place.
 B = Non-inter-level travel time spent in this place.
 C = Inter-level travel time spent in this place.
 D = Time resting spent in this place.
 E = Time spent auto-exploring this place.
 F = Levels seen in this place.
 G = Mean time per level.
                   A        B        C        D        E       F      G
               +--------+--------+--------+--------+--------+-----+--------+
         Total |   1940 |   1909 |     31 |    407 |   1278 |   2 |  970.0 |
       Dungeon |   1940 |   1909 |     31 |    407 |   1278 |   2 |  970.0 |
               +--------+--------+--------+--------+--------+-----+--------+

Top non-repeatable levels by time:
     D:1: 1697 daAuts
     D:2: 243 daAuts
